 Dungeon Crawl Stone Soup version 0.31-a0-150-g89dc3ad700 (webtiles) character file.

Game seed: 6966178483960903005

315 Gargoyl the Chopper (level 6, -5/39 HPs)
             Began as a Gargoyle Berserker on June 8, 2023.
             Was a Believer of Trog.
             Slain by Duvessa
             ... wielding a +2 rapier of protection
              (6 damage)
             ... on level 4 of the Dungeon.
             The game lasted 00:05:46 (3153 turns).

Gargoyl the Chopper (Gargoyle Berserker)            Turns: 3153, Time: 00:05:47

Health: -5/39      AC:  9    Str: 20    XL:     6   Next: 43%
Magic:  5/5        EV: 11    Int:  8    God:    Trog [**....]
Gold:   34         SH:  6    Dex: 11    Spells: 5/5 levels left

rFire   . . .        g - +0 war axe
rCold   . . .        j - +0 kite shield
rNeg    + . .        b - +0 animal skin
rPois   ∞            f - +0 helmet
rElec   +            d - +0 cloak
rCorr   .            k - +0 pair of gloves
SInv    .            (no boots)
Will    +++..        (no amulet)
Stlth   ++           (no ring)
HPRegen 1.26/turn    (no ring)
MPRegen 0.09/turn

%: no passive effects
@: strong-willed, on berserk cooldown, enlightened, flying, regenerating,
slowed, very slow
A: sickness immunity, AC +4, negative energy resistance 1, electricity
resistance, torment resistance 1, petrification resistance, low MP 1
a: Renounce Religion, Berserk, Trog's Hand


You were on level 4 of the Dungeon.
You worshipped Trog.
Trog was pleased with you.
You visited 1 branch of the dungeon, and saw 4 of its levels.

You collected 97 gold pieces.
You spent 63 gold pieces at shops.

Inventory:

Hand Weapons
 a - a +0 hand axe
 g - a +0 war axe (weapon)
Armour
 b - a +0 animal skin (worn)
 d - a +0 cloak (worn)
 f - a +0 helmet (worn)
 j - a +0 kite shield (worn)
 k - a +0 pair of gloves (worn)
Scrolls
 e - 3 scrolls of identify
Potions
 c - a potion of curing


   Skills:
 + Level 4.5 Fighting
 + Level 4.7 Axes
 + Level 2.3 Armour
 + Level 2.8 Dodging
 + Level 1.7 Stealth
 + Level 0.2 Shields


You had 5 spell levels left.
You didn't know any spells.
Your spell library was empty.

Dungeon Overview and Level Annotations

Branches:
Dungeon (4/15)
 Temple: D:4-7

Altars:

Shops:
D:1 [   D:4 [

Annotations:
D:4 Dowan, Duvessa


Innate Abilities, Weirdness & Mutations

You are immune to sickness and miasma.
Your stone body is resilient. (AC +4)
You are immune to poison.
You resist negative energy. (rN+)
You are resistant to electric shocks. (rElec)
You are resistant to unholy torment.
You are immune to petrification.
Your magical capacity is low. (-10% MP)


Message History

You hit Duvessa but do no damage.
Duvessa is lightly wounded.
You barely miss Dowan. You block Duvessa's attack.
Dowan hits you but does no damage.
Duvessa hits you with a +2 rapier of protection.
You block Dowan's attack.
Duvessa hits you with a +2 rapier of protection.
A goblin comes into view. It is wielding a +0 club.
Dowan hits you with a +0 dagger.
The goblin shouts!
You hit Duvessa.
Duvessa is moderately wounded.
You closely miss Dowan. Duvessa hits you but does no damage.
You block Duvessa's attack. Dowan barely misses you.
Duvessa hits you with a +2 rapier of protection.
You block Dowan's attack.
You completely miss Duvessa.
Duvessa is moderately wounded.
You barely miss Dowan.
Duvessa hits you with a +2 rapier of protection. x2
* * * LOW HITPOINT WARNING * * *
You block Dowan's attack.
Duvessa hits you with a +2 rapier of protection.
* * * LOW HITPOINT WARNING * * *
You block Dowan's attack.
Duvessa hits you with a +2 rapier of protection.
* * * LOW HITPOINT WARNING * * *
You hit Duvessa.
Duvessa is moderately wounded.
You hit Dowan but do no damage. Duvessa hits you but does no damage.
Dowan hits you but does no damage. Duvessa closely misses you.
Dowan closely misses you. You block Duvessa's attack.
Unknown command.
You feel better.
Duvessa hits you with a +2 rapier of protection!
* * * LOW HITPOINT WARNING * * *
Dowan hits you with a +0 dagger.
* * * LOW HITPOINT WARNING * * *
Duvessa hits you with a +2 rapier of protection.
You die...

.##.###.##..##†...#
#..............∩....#
#...................#
#............†#######
###.............##....#
.##.....##............##
.##.....##..##..##......
........##..##.)##......
......†.....#...@eg...#
............#....e....#
.##.....##..##..##....#
.##+######..##..# ....#
..# ...#.... ...# ..#
...#.... ...# .##
#..##..# ..# .## #..####
..# ..#


You could see Duvessa (fast), Dowan and a goblin.

Vanquished Creatures
  A black bear (D:3)
  An ogre (D:4)
  An iguana (D:4)
  4 adders
  A dart slug (D:4)
  An orc (D:4)
  12 ball pythons
  8 bats
  3 endoplasms
  2 giant cockroaches
  6 goblins
  9 hobgoblins
  6 jackals (D:2)
  2 quokkas (D:1)
  5 frilled lizards
  6 kobolds
  6 rats
74 creatures vanquished.

Notes
Turn   | Place    | Note
-------+----------+-------------------------------------------
     0 | D:1      | Gargoyl the Gargoyle Berserker began the quest for the Orb.
     0 | D:1      | Reached XP level 1. HP: 14/14 MP: 1/1
    57 | D:1      | Found Ciunomav's Antique Armour Shop.
    86 | D:1      | Reached XP level 2. HP: 17/19 MP: 2/2
   300 | D:1      | Reached ** piety under Trog
   470 | D:1      | Reached XP level 3. HP: 24/24 MP: 3/3
  1125 | D:2      | Found a faded altar of an unknown god.
  1836 | D:3      | Reached XP level 4. HP: 28/29 MP: 4/4
  2190 | D:3      | Noticed a black bear
  2202 | D:3      | Killed a black bear
  2203 | D:3      | Reached skill level 1 in Stealth
  2203 | D:3      | Reached XP level 5. HP: 33/33 MP: 5/5
  2736 | D:4      | Gained mutation: You are frail. (-10% HP) [potion of
                  | mutation]
  2736 | D:4      | Gained mutation: Your magical capacity is low. (-10% MP)
                  | [potion of mutation]
  2736 | D:4      | Lost mutation: You are frail. (-10% HP) [potion of
                  | mutation]
  2984 | D:4      | Reached XP level 6. HP: 21/39 MP: 5/5
  3096 | D:4      | Found Ihemios's Armour Shoppe.
  3118 | D:4      | Bought a +0 pair of gloves for 63 gold pieces
  3132 | D:4      | Noticed Duvessa
  3134 | D:4      | Noticed Dowan
  3153 | D:4      | HP: 1/39 [Dowan/+0 dagger (4)]
  3153 | D:4      | Slain by Duvessa

Illustrated notes

Levels and vault maps discovered:
D:1:      dpeg_arrival_prison, layout_loops_ring, serial_shops, shop
D:2:      layout_basic, hellmonk_ecumenical_altar_heavens_door,
          serial_bayou_ford_a, item_on_display_a
D:3:      layout_basic, solitary_fountain, hangedman_decor_push
D:4:      layout_gridville, serial_shops, shop, uniq_duvessa

Skill      XL: |  1  2  3  4 |
---------------+-------------+-----
Axes           | 3 4 |  4.7
Dodging        | 2 |  2.8
Fighting       | 4 |  4.5
Stealth        | 1 |  1.7
Armour         | |  2.3
Shields        | |  0.2

Action                     |  1- 3 |  4- 6 || total
---------------------------+-------+-------++-------
  Melee: Hand axe          |   176 |    81 ||   257
         Punch             |     1 |     1 ||     2
         War axe           |       |    16 ||    16
 Invoke: Berserk           |       |     3 ||     3
         Trog's Hand       |       |     3 ||     3
    Use: Scroll            |     3 |     1 ||     4
         Potion            |       |     5 ||     5
   Stab: Sleeping          |       |     1 ||     1
 Armour: Animal skin       |    61 |    49 ||   110
  Dodge: Dodged            |   164 |    59 ||   223
  Block: Kite shield       |       |    25 ||    25

Table legend: (Time is in decaauts)
 A = Elapsed time spent in this place.
 B = Non-inter-level travel time spent in this place.
 C = Inter-level travel time spent in this place.
 D = Time resting spent in this place.
 E = Time spent auto-exploring this place.
 F = Levels seen in this place.
 G = Mean time per level.
                   A        B        C        D        E       F      G
               +--------+--------+--------+--------+--------+-----+--------+
         Total |   3223 |   3156 |     67 |      0 |   2325 |   4 |  805.8 |
       Dungeon |   3223 |   3156 |     67 |      0 |   2325 |   4 |  805.8 |
               +--------+--------+--------+--------+--------+-----+--------+

Top non-repeatable levels by time:
     D:2: 954 daAuts
     D:3: 832 daAuts
     D:1: 801 daAuts
     D:4: 635 daAuts
